LOS ANGELES Kings vs SAN JOSE Sharks

Created - 29 février 2024 at 16:11

Goals
1 2 3 OT1 SO T
LOS ANGELES Kings 0 1 3 0 1 5
SAN JOSE Sharks 1 2 1 0 0 4
Shots
1 2 3 OT1 SO T
LOS ANGELES Kings 4 5 9 1 3 19
SAN JOSE Sharks 16 11 14 2 3 43

1st period

1. SAN JOSE Sharks , Evander Kane 5 (Andrew Mangiapane 17, Sam Bennett 10) at 7:46

Penalties :
Carl Grundstrom (LAK) for Holding (Minor) at 5:46, Kyle Connor (SJS) for Hooking (Minor) at 15:31

2nd period

2. LOS ANGELES Kings , Rem Pitlick 4 (Oskar Sundqvist 4, Calle Rosen 5) at 8:48
3. SAN JOSE Sharks , Matt Nieto 1 (John Klingberg 18, Jack Johnson 16) at 17:05 (SH)
4. SAN JOSE Sharks , Cam Atkinson 4 (Troy Stecher 7, Nick Cousins 2) at 17:37

Penalties :
Marcus Pettersson (LAK) for High sticking (Minor) at 1:40, Dominik Kubalik (LAK) for Tripping (Minor) at 4:34, Jack Johnson (SJS) for Cross-checking (Minor) at 10:06, Nick Cousins (SJS) for Tripping (Minor) at 13:09, Troy Stecher (SJS) for Tripping (Minor) at 15:17, Evander Kane (SJS) for Holding (Minor) at 18:36

3rd period

5. LOS ANGELES Kings , Rasmus Andersson 1 (Mitchell Marner 14, Anze Kopitar 13) at 5:16
6. SAN JOSE Sharks , Cam Atkinson 5 (John Klingberg 19, Jack Johnson 17) at 9:27
7. LOS ANGELES Kings , Carl Grundstrom 1 (Rem Pitlick 3) at 16:36
8. LOS ANGELES Kings , Dawson Mercer 14 (Hampus Lindholm 18, Drew Doughty 14) at 19:17 (SH)

Penalties :
Oskar Sundqvist (LAK) for Slashing (Minor) at 18:42

Overtime #1

No Goal

Penalties :
No Penalty

Shootout

LOS ANGELES Kings, Mitchell Marner - Goal!
SAN JOSE Sharks, Joe Pavelski - Stopped by Vitek Vanecek
LOS ANGELES Kings, Jonathan Huberdeau - Shot Misses the Net
SAN JOSE Sharks, John Tavares - Stopped by Vitek Vanecek
LOS ANGELES Kings, Mark Stone - Shot Misses the Net
SAN JOSE Sharks, Kyle Connor - Stopped by Vitek Vanecek

Penalties :
No Penalty

Goalie Stats

Vitek Vanecek (LAK), 39 saves from 43 shots - (0,907), W, 11-12-1, 65:00 minutes
Ville Husso (SJS), 15 saves from 19 shots - (0,789), OTL, 5-7-6, 65:00 minutes

Players Stats for LOS ANGELES Kings

Player Name              G  A  P  +/- PIM S  H  SB GA TA FO     MP     PP MP  PK MP  
------------------------------------------------------------------------------------
Anze Kopitar             0  1  1   0  0   3  1  0  0  0  15/27  25:54   5:04   2:11 
Calle Rosen              0  1  1   0  0   1  1  0  0  0  0/0    14:15   0:00   0:00 
Carl Grundstrom          1  0  1   0  2   2  2  1  0  0  0/0    12:33   0:00   0:00 
Dawson Mercer            1  0  1   0  0   3  0  0  0  0  15/38  23:47   4:51   5:18 
Dominik Kubalik          0  0  0   1  2   1  2  0  0  0  0/1    19:33   4:21   0:00 
Drew Doughty             0  1  1   1  0   1  2  2  0  0  0/0    26:03   4:36   3:53 
Hampus Lindholm          0  1  1   0  0   0  1  0  0  0  0/0    24:38   5:19   3:59 
Joel Kiviranta           0  0  0   0  0   0  0  0  0  0  0/0     0:36   0:00   0:00 
Jonathan Huberdeau       0  0  0  -2  0   1  3  1  0  0  0/1    21:12   5:34   0:00 
Marc Staal               0  0  0   0  0   0  1  2  0  0  0/0    16:03   0:00   0:00 
Marcus Pettersson        0  0  0  -1  2   0  4  3  0  0  0/0    20:15   4:50   3:19 
Mark Stone               0  0  0  -1  0   1  1  0  0  0  0/1    18:29   4:51   0:00 
Mitchell Marner          0  1  1   0  0   2  0  0  0  0  0/3    24:21   5:04   2:38 
Oskar Sundqvist          0  1  1   0  2   1  2  0  0  0  7/13   14:15   0:00   0:00 
Parker Kelly             0  0  0   0  0   0  0  0  0  0  0/0     0:00   0:00   0:00 
Pierre Engvall           0  0  0   1  0   0  0  0  0  0  0/1     8:11   0:00   5:03 
Rasmus Andersson         1  0  1   0  0   1  1  4  0  0  0/0    24:27   5:05   4:41 
Rem Pitlick              1  1  2   0  0   2  0  0  0  0  0/1    13:10   0:00   0:00 

Players Stats for SAN JOSE Sharks

Player Name              G  A  P  +/- PIM S  H  SB GA TA FO     MP     PP MP  PK MP  
------------------------------------------------------------------------------------
Andrew Mangiapane        0  1  1  -1  0   4  0  0  0  0  1/2    16:57   2:53   0:00 
Austin Watson            0  0  0   1  0   1  0  1  0  0  0/0     9:17   0:00   1:45 
Brayden McNabb           0  0  0  -1  0   3  4  1  0  0  0/0    26:13   4:16   5:33 
Brett Howden             0  0  0   1  0   1  1  0  0  0  3/4     5:32   0:00   0:00 
Cam Atkinson             2  0  2   1  0   4  0  0  0  0  0/0     8:50   0:00   0:00 
Cody Ceci                0  0  0  -2  0   4  1  1  0  0  0/0    26:35   2:46   5:41 
Evander Kane             1  0  1  -1  2   2  5  0  0  0  1/2    16:56   2:53   0:00 
Jack Johnson             0  2  2  -1  2   1  1  2  0  0  0/0    20:12   2:58   3:23 
Joe Pavelski             0  0  0  -2  0   0  1  0  0  0  1/2    18:46   4:21   0:00 
John Klingberg           0  2  2   0  0   1  3  1  0  0  0/0    23:40   4:28   3:42 
John Tavares             0  0  0  -2  0   4  5  0  0  0  20/33  25:42   4:21   5:46 
Kyle Connor              0  0  0  -2  2   5  0  0  0  0  0/0    24:20   4:21   4:25 
Matias Maccelli          0  0  0   1  0   1  0  0  0  0  0/0     5:32   0:00   0:00 
Matt Nieto               1  0  1   2  0   3  0  0  0  0  0/1    13:47   0:00   3:07 
Nick Cousins             0  1  1   1  2   0  1  0  0  0  8/15   11:45   0:00   0:56 
Oliver Kylington         0  0  0   2  0   2  0  0  0  0  0/0    14:25   0:00   0:40 
Sam Bennett              0  1  1   0  0   6  0  0  0  0  15/27  22:38   2:53   3:51 
Troy Stecher             0  1  1   2  2   1  3  1  0  0  0/0    14:35   0:00   0:51 

3 Stars

1 - Cam Atkinson (SJS)
2 - Rem Pitlick (LAK)
3 - Rasmus Andersson (LAK)

Power Play

LOS ANGELES Kings - 0 on 5 Attempt(s) - 0,00%
SAN JOSE Sharks - 0 on 4 Attempt(s) - 0,00%

Penalty Kill

LOS ANGELES Kings - 4 on 4 Attempt(s) - 100,00% - Score 1 goal in Penalty Kill
SAN JOSE Sharks - 5 on 5 Attempt(s) - 100,00% - Score 1 goal in Penalty Kill

Team Stat

LOS ANGELES Kings - Hits : 21 - Faceoff Wins : 37 - Blocked Shots : 13 - Penalty Minutes : 8
SAN JOSE Sharks - Hits : 25 - Faceoff Wins : 49 - Blocked Shots : 7 - Penalty Minutes : 10

Official

Referees : Brandon Schrader and Eric Furlatt
Linesman : Travis Gawryletz and Sara Strong

Game Notes

No Game Note

Finance

Level 1 -- Attendance: 4543 (75,72%) -- Ticket Income $454,300
Level 2 -- Attendance: 4366 (87,32%) -- Ticket Income $261,960
Level 3 -- Attendance: 2000 (100,00%) -- Ticket Income $70,000
Level 4 -- Attendance: 4000 (100,00%) -- Ticket Income $80,000
Luxury Box -- Attendance: 806 (80,60%) -- Ticket Income $161,200
Game was played at the SAP Center.
Total Attendance: 15715 (87,31%)
Total Ticket Income: $1,027,460
Other Income: $256,865
Total Income: $1,284,325

LOS ANGELES Kings

5 vs 5 Forward 
   Center                   Left Wing                Right Wing               Time % Phy DF OF 
 1 Anze Kopitar             Dominik Kubalik          Mitchell Marner          40     1   2  2  
 2 Dawson Mercer            Jonathan Huberdeau       Mark Stone               30     1   2  2  
 3 Oskar Sundqvist          Carl Grundstrom          Rem Pitlick              20     2   2  1  
 4 Anze Kopitar             Pierre Engvall           Mitchell Marner          10     1   2  2  

5 vs 5 Defense 
   Defense                  Defense                                           Time % Phy DF OF 
 1 Drew Doughty             Marc Staal                                        40     1   2  2  
 2 Rasmus Andersson         Hampus Lindholm                                   30     1   2  2  
 3 Marcus Pettersson        Calle Rosen                                       20     1   2  2  
 4 Drew Doughty             Rasmus Andersson                                  10     1   2  2  

PowerPlay Forward 
   Center                   Left Wing                Right Wing               Time % Phy DF OF 
 1 Anze Kopitar             Jonathan Huberdeau       Mitchell Marner          60     1   1  3  
 2 Dawson Mercer            Dominik Kubalik          Mark Stone               40     1   1  3  

PowerPlay Defense
   Defense                  Defense                                           Time % Phy DF OF 
 1 Drew Doughty             Rasmus Andersson                                  60     1   2  2  
 2 Marcus Pettersson        Hampus Lindholm                                   40     1   2  2  

Penalty Kill 4 Players Forward 
   Center                   Wing                     Time % Phy DF OF 
 1 Dawson Mercer            Pierre Engvall           60     1   3  1  
 2 Anze Kopitar             Mitchell Marner          40     1   3  1  

Penalty Kill 4 Players Defense
   Defense                  Defense                  Time % Phy DF OF 
 1 Marcus Pettersson        Rasmus Andersson         60     1   2  2  
 2 Hampus Lindholm          Drew Doughty             40     1   2  2  

Penalty Kill - 3 Players Forward 
   Forward                                           Time % Phy DF OF 
 1 Dawson Mercer                                     60     1   3  1  
 2 Anze Kopitar                                      40     1   3  1  

Penalty Kill - 3 Players Defense
   Defense                  Defense                  Time % Phy DF OF 
 1 Marcus Pettersson        Rasmus Andersson         60     1   2  2  
 2 Drew Doughty             Hampus Lindholm          40     1   2  2  

4 vs 4 Forward 
   Center                   Wing                     Time % Phy DF OF 
 1 Anze Kopitar             Mitchell Marner          60     1   2  2  
 2 Dawson Mercer            Jonathan Huberdeau       40     1   2  2  

4 vs 4 Defense
   Defense                  Defense                  Time % Phy DF OF 
 1 Drew Doughty             Rasmus Andersson         60     1   2  2  
 2 Marc Staal               Hampus Lindholm          40     1   2  2  

Last Minutes Offensive
   Center                   Left Wing                Right Wing               Defense                  Defense                  
   Anze Kopitar             Jonathan Huberdeau       Mitchell Marner          Drew Doughty             Rasmus Andersson         

Last Minutes Defensive
   Center                   Left Wing                Right Wing               Defense                  Defense                  
   Anze Kopitar             Jonathan Huberdeau       Mitchell Marner          Drew Doughty             Rasmus Andersson         

Goaltenders
Starting : Vitek Vanecek            
Backup : Kaapo Kahkonen           

Extra Forwards
Normal : Anze Kopitar, Mitchell Marner, Jonathan Huberdeau - PP : Anze Kopitar, Mitchell Marner - PK : Mitchell Marner
Extra Defensemen
Normal : Marcus Pettersson, Drew Doughty, Rasmus Andersson - PP : Marcus Pettersson - PK : Drew Doughty, Rasmus Andersson
Penalty Shots
Mitchell Marner, Jonathan Huberdeau, Mark Stone, Anze Kopitar, Dawson Mercer

Scratches
None

SAN JOSE Sharks

5 vs 5 Forward 
   Center                   Left Wing                Right Wing               Time % Phy DF OF 
 1 John Tavares             Kyle Connor              Joe Pavelski             40     1   2  2  
 2 Sam Bennett              Evander Kane             Andrew Mangiapane        30     1   2  2  
 3 Nick Cousins             Cam Atkinson             Matt Nieto               20     1   2  2  
 4 Brett Howden             Matias Maccelli          Austin Watson            10     1   2  2  

5 vs 5 Defense 
   Defense                  Defense                                           Time % Phy DF OF 
 1 Brayden McNabb           Cody Ceci                                         40     1   2  2  
 2 John Klingberg           Jack Johnson                                      30     1   2  2  
 3 Troy Stecher             Oliver Kylington                                  20     1   2  2  
 4 Brayden McNabb           Cody Ceci                                         10     1   2  2  

PowerPlay Forward 
   Center                   Left Wing                Right Wing               Time % Phy DF OF 
 1 John Tavares             Kyle Connor              Joe Pavelski             60     1   1  3  
 2 Sam Bennett              Evander Kane             Andrew Mangiapane        40     1   2  2  

PowerPlay Defense
   Defense                  Defense                                           Time % Phy DF OF 
 1 Brayden McNabb           John Klingberg                                    60     1   2  2  
 2 Cody Ceci                Jack Johnson                                      40     1   2  2  

Penalty Kill 4 Players Forward 
   Center                   Wing                     Time % Phy DF OF 
 1 John Tavares             Kyle Connor              60     1   2  2  
 2 Sam Bennett              Matt Nieto               40     1   2  2  

Penalty Kill 4 Players Defense
   Defense                  Defense                  Time % Phy DF OF 
 1 Brayden McNabb           Cody Ceci                60     1   2  2  
 2 John Klingberg           Jack Johnson             40     1   2  2  

Penalty Kill - 3 Players Forward 
   Forward                                           Time % Phy DF OF 
 1 John Tavares                                      60     1   2  2  
 2 Sam Bennett                                       40     1   2  2  

Penalty Kill - 3 Players Defense
   Defense                  Defense                  Time % Phy DF OF 
 1 Brayden McNabb           Cody Ceci                60     1   2  2  
 2 John Klingberg           Jack Johnson             40     1   2  2  

4 vs 4 Forward 
   Center                   Wing                     Time % Phy DF OF 
 1 John Tavares             Kyle Connor              60     1   2  2  
 2 Sam Bennett              Matt Nieto               40     1   2  2  

4 vs 4 Defense
   Defense                  Defense                  Time % Phy DF OF 
 1 Brayden McNabb           Cody Ceci                60     1   2  2  
 2 John Klingberg           Jack Johnson             40     1   2  2  

Last Minutes Offensive
   Center                   Left Wing                Right Wing               Defense                  Defense                  
   John Tavares             Kyle Connor              Joe Pavelski             Brayden McNabb           Cody Ceci                

Last Minutes Defensive
   Center                   Left Wing                Right Wing               Defense                  Defense                  
   John Tavares             Kyle Connor              Joe Pavelski             Brayden McNabb           Cody Ceci                

Goaltenders
Starting : Ville Husso              
Backup : Semyon Varlamov          

Extra Forwards
Normal : Sam Bennett, Matt Nieto, Evander Kane - PP : Sam Bennett, Matt Nieto - PK : Sam Bennett
Extra Defensemen
Normal : Jack Johnson, Troy Stecher, Oliver Kylington - PP : Jack Johnson - PK : Jack Johnson, Troy Stecher
Penalty Shots
Joe Pavelski, John Tavares, Kyle Connor, Andrew Mangiapane, Sam Bennett

Scratches
None


% Time on Ice - LOS ANGELES Kings

Lines # - Real PCT - Wanted PCT - Time Play
Normal Forward
1 - 32% - 40% - 13:31
2 - 32% - 30% - 13:38
3 - 29% - 20% - 12:34
4 - 7% - 10% - 3:08
Normal Defense
1 - 37% - 40% - 16:03
2 - 31% - 30% - 13:10
3 - 28% - 20% - 12:07
4 - 4% - 10% - 1:31
PP Forward
1 - 51% - 60% - 5:04
2 - 49% - 40% - 4:51
PP Defense
1 - 51% - 60% - 5:05
2 - 49% - 40% - 4:50
PK Forward
1 - 70% - 60% - 5:03
2 - 30% - 40% - 2:11
PK Defense
1 - 57% - 60% - 4:07
2 - 43% - 40% - 3:07
PK3 Forward
1 - 100% - 60% - 0:42
2 - 0% - 40% - 0:00
PK3 Defense
1 - 81% - 60% - 0:34
2 - 19% - 40% - 0:08
44 Forward
1 - 0% - 60%
2 - 0% - 40%
44 Defense
1 - 0% - 60%
2 - 0% - 40%
Last Minute Offensive  - 0:00
Last Minute Defensive  - 0:00
Total
Forward - 60:42
Defense - 60:42

% Time on Ice - SAN JOSE Sharks

Lines # - Real PCT - Wanted PCT - Time Play
Normal Forward
1 - 34% - 40% - 14:25
2 - 33% - 30% - 14:04
3 - 21% - 20% - 8:50
4 - 13% - 10% - 5:32
Normal Defense
1 - 35% - 40% - 14:52
2 - 31% - 30% - 13:24
3 - 32% - 20% - 13:45
4 - 2% - 10% - 0:50
PP Forward
1 - 60% - 60% - 4:21
2 - 40% - 40% - 2:53
PP Defense
1 - 62% - 60% - 4:28
2 - 38% - 40% - 2:46
PK Forward
1 - 69% - 60% - 6:48
2 - 31% - 40% - 3:07
PK Defense
1 - 56% - 60% - 5:33
2 - 44% - 40% - 4:22
PK3 Forward
1 - 0% - 60%
2 - 0% - 40%
PK3 Defense
1 - 0% - 60%
2 - 0% - 40%
44 Forward
1 - 100% - 60% - 0:42
2 - 0% - 40% - 0:00
44 Defense
1 - 100% - 60% - 0:42
2 - 0% - 40% - 0:00
Last Minute Offensive  - 0:00
Last Minute Defensive  - 0:00
Total
Forward - 60:42
Defense - 60:42

Play-by-Play

1st period


0:01 of 1st period - John Tavares wins face-off versus Anze Kopitar in neutral zone.
0:21 of 1st period - Shot by Kyle Connor.
0:21 of 1st period - Stopped by Vitek Vanecek without a rebound.
0:22 of 1st period - Sam Bennett wins face-off versus Jonathan Huberdeau in LOS ANGELES Kings zone.
0:22 of 1st period - Andrew Mangiapane is hit by Rasmus Andersson and loses puck.
1:07 of 1st period - Shot by Sam Bennett.
1:07 of 1st period - Stopped by Vitek Vanecek without a rebound.
1:08 of 1st period - Nick Cousins wins face-off versus Oskar Sundqvist in LOS ANGELES Kings zone.
1:08 of 1st period - Troy Stecher is hit by Calle Rosen and loses puck.
1:16 of 1st period - Icing by Calle Rosen.
1:17 of 1st period - Oskar Sundqvist wins face-off versus John Tavares in LOS ANGELES Kings zone.
1:17 of 1st period - Oskar Sundqvist is hit by John Tavares.
1:37 of 1st period - Joe Pavelski is hit by Marcus Pettersson and loses puck.
1:45 of 1st period - Marcus Pettersson is hit by Brayden McNabb and loses puck.
2:25 of 1st period - Troy Stecher is hit by Oskar Sundqvist and loses puck.
2:35 of 1st period - Icing by Oliver Kylington.
2:36 of 1st period - Nick Cousins wins face-off versus Anze Kopitar in SAN JOSE Sharks zone.
2:47 of 1st period - Shot by Mitchell Marner.
2:47 of 1st period - Stopped by Ville Husso without a rebound.
2:48 of 1st period - Brett Howden wins face-off versus Dawson Mercer in SAN JOSE Sharks zone.
2:56 of 1st period - Matias Maccelli is hit by Marc Staal.
3:21 of 1st period - Shot by Jack Johnson.
3:21 of 1st period - Shot Blocked by Marc Staal.
3:23 of 1st period - Shot by Brett Howden.
3:23 of 1st period - Shot Misses the Net.
3:25 of 1st period - Shot by Austin Watson.
3:25 of 1st period - Shot Misses the Net.
3:27 of 1st period - Shot by Jack Johnson.
3:27 of 1st period - Stopped by Vitek Vanecek without a rebound.
3:28 of 1st period - Sam Bennett wins face-off versus Dominik Kubalik in LOS ANGELES Kings zone.
4:01 of 1st period - Shot by Anze Kopitar.
4:01 of 1st period - Shot Blocked by Cody Ceci.
4:25 of 1st period - Oliver Kylington is hit by Dominik Kubalik and loses puck.
4:38 of 1st period - Shot by John Tavares.
4:38 of 1st period - Stopped by Vitek Vanecek without a rebound.
4:39 of 1st period - Dawson Mercer wins face-off versus Nick Cousins in LOS ANGELES Kings zone.
5:10 of 1st period - Shot by Nick Cousins.
5:10 of 1st period - Shot Blocked by Jonathan Huberdeau.
5:33 of 1st period - Icing by Drew Doughty.
5:34 of 1st period - John Tavares wins face-off versus Mark Stone in LOS ANGELES Kings zone.
5:35 of 1st period - Shot by Kyle Connor.
5:35 of 1st period - Shot Misses the Net.
5:46 of 1st period - Minor Penalty to Carl Grundstrom for Holding.
5:47 of 1st period - Evander Kane wins face-off versus Mitchell Marner in LOS ANGELES Kings zone.
5:48 of 1st period - Shot by Brayden McNabb.
5:48 of 1st period - Shot Misses the Net.
5:51 of 1st period - Evander Kane is hit by Marcus Pettersson.
6:01 of 1st period - Marcus Pettersson is hit by Evander Kane and loses puck.
6:10 of 1st period - Shot by Brayden McNabb.
6:10 of 1st period - Shot Misses the Net.
6:12 of 1st period - Shot by Brayden McNabb.
6:12 of 1st period - Stopped by Vitek Vanecek without a rebound.
6:13 of 1st period - John Tavares wins face-off versus Dawson Mercer in LOS ANGELES Kings zone.
6:47 of 1st period - Icing by Kyle Connor.
6:48 of 1st period - Anze Kopitar wins face-off versus John Tavares in SAN JOSE Sharks zone.
7:27 of 1st period - Shot by Andrew Mangiapane.
7:27 of 1st period - Stopped by Vitek Vanecek with a rebound.
7:33 of 1st period - Shot by Brayden McNabb.
7:33 of 1st period - Stopped by Vitek Vanecek without a rebound.
7:34 of 1st period - Dawson Mercer wins face-off versus Sam Bennett in LOS ANGELES Kings zone.
7:46 of 1st period - Shot by Evander Kane.
7:46 of 1st period - Goal by Evander Kane - LOS ANGELES Kings : 0 - SAN JOSE Sharks : 1.
7:47 of 1st period - Oskar Sundqvist wins face-off versus Brett Howden in neutral zone.
8:09 of 1st period - Icing by Marcus Pettersson.
8:10 of 1st period - Oskar Sundqvist wins face-off versus John Tavares in LOS ANGELES Kings zone.
8:23 of 1st period - Shot by Oskar Sundqvist.
8:23 of 1st period - Stopped by Ville Husso without a rebound.
8:24 of 1st period - Sam Bennett wins face-off versus Anze Kopitar in SAN JOSE Sharks zone.
9:25 of 1st period - Hampus Lindholm is hit by Evander Kane and loses puck.
9:32 of 1st period - John Klingberg is hit by Jonathan Huberdeau and loses puck.
9:55 of 1st period - Shot by Dawson Mercer.
9:55 of 1st period - Shot Blocked by Jack Johnson.
9:57 of 1st period - Shot by Rasmus Andersson.
9:57 of 1st period - Shot Misses the Net.
10:06 of 1st period - Icing by Jack Johnson.
10:07 of 1st period - Sam Bennett wins face-off versus Oskar Sundqvist in SAN JOSE Sharks zone.
10:07 of 1st period - Sam Bennett is hit by Carl Grundstrom.
10:10 of 1st period - Jack Johnson is hit by Carl Grundstrom and loses puck.
10:14 of 1st period - Jack Johnson is hit by Oskar Sundqvist and loses puck.
10:20 of 1st period - Off-side.
10:21 of 1st period - John Tavares wins face-off versus Anze Kopitar in neutral zone.
10:29 of 1st period - Shot by Kyle Connor.
10:29 of 1st period - Shot Misses the Net.
10:31 of 1st period - Shot by Kyle Connor.
10:31 of 1st period - Shot Misses the Net.
10:43 of 1st period - Dominik Kubalik is hit by John Tavares and loses puck.
11:36 of 1st period - Shot by Matt Nieto.
11:36 of 1st period - Deflect By Cam Atkinson.
11:36 of 1st period - Stopped by Vitek Vanecek without a rebound.
11:37 of 1st period - Brett Howden wins face-off versus Dawson Mercer in LOS ANGELES Kings zone.
11:52 of 1st period - Brett Howden is hit by Jonathan Huberdeau and loses puck.
12:11 of 1st period - Shot by Matias Maccelli.
12:11 of 1st period - Stopped by Vitek Vanecek without a rebound.
12:12 of 1st period - Nick Cousins wins face-off versus Rem Pitlick in LOS ANGELES Kings zone.
12:21 of 1st period - Shot by Nick Cousins.
12:21 of 1st period - Shot Blocked by Marcus Pettersson.
12:37 of 1st period - Shot by Cam Atkinson.
12:37 of 1st period - Stopped by Vitek Vanecek without a rebound.
12:38 of 1st period - Dawson Mercer wins face-off versus Joe Pavelski in LOS ANGELES Kings zone.
13:07 of 1st period - Shot by Kyle Connor.
13:07 of 1st period - Stopped by Vitek Vanecek without a rebound.
13:08 of 1st period - Anze Kopitar wins face-off versus Sam Bennett in LOS ANGELES Kings zone.
13:12 of 1st period - Drew Doughty is hit by Brayden McNabb.
13:22 of 1st period - Shot by Evander Kane.
13:22 of 1st period - Stopped by Vitek Vanecek without a rebound.
13:23 of 1st period - Oskar Sundqvist wins face-off versus Nick Cousins in LOS ANGELES Kings zone.
13:43 of 1st period - Shot by Rem Pitlick.
13:43 of 1st period - Deflect By Oskar Sundqvist.
13:43 of 1st period - Shot Misses the Net.
13:46 of 1st period - Icing by Troy Stecher.
13:47 of 1st period - Anze Kopitar wins face-off versus Nick Cousins in SAN JOSE Sharks zone.
14:05 of 1st period - Shot by Nick Cousins.
14:05 of 1st period - Shot Blocked by Rasmus Andersson.
14:07 of 1st period - Shot by Troy Stecher.
14:07 of 1st period - Stopped by Vitek Vanecek without a rebound.
14:08 of 1st period - Dawson Mercer wins face-off versus John Tavares in LOS ANGELES Kings zone.
14:39 of 1st period - Shot by Dawson Mercer.
14:39 of 1st period - Stopped by Ville Husso without a rebound.
14:40 of 1st period - Anze Kopitar wins face-off versus Sam Bennett in SAN JOSE Sharks zone.
15:09 of 1st period - Shot by Marc Staal.
15:09 of 1st period - Shot Misses the Net.
15:21 of 1st period - Anze Kopitar is hit by Evander Kane and loses puck.
15:31 of 1st period - Minor Penalty to Kyle Connor for Hooking.
15:32 of 1st period - Dawson Mercer wins face-off versus John Tavares in SAN JOSE Sharks zone.
16:28 of 1st period - Shot by John Tavares.
16:28 of 1st period - Stopped by Vitek Vanecek without a rebound.
16:29 of 1st period - Anze Kopitar wins face-off versus Nick Cousins in LOS ANGELES Kings zone.
16:58 of 1st period - Shot by Mitchell Marner.
16:58 of 1st period - Shot Misses the Net.
17:00 of 1st period - Shot by Anze Kopitar.
17:00 of 1st period - Stopped by Ville Husso without a rebound.
17:01 of 1st period - John Tavares wins face-off versus Dawson Mercer in SAN JOSE Sharks zone.
18:42 of 1st period - Icing by Hampus Lindholm.
18:43 of 1st period - Anze Kopitar wins face-off versus John Tavares in LOS ANGELES Kings zone.
18:43 of 1st period - Anze Kopitar is hit by John Tavares.
18:46 of 1st period - Mitchell Marner is hit by John Tavares and loses puck.
19:13 of 1st period - Shot by Joe Pavelski.
19:13 of 1st period - Shot Misses the Net.
19:19 of 1st period - Shot by Kyle Connor.
19:19 of 1st period - Deflect By John Tavares.
19:19 of 1st period - Stopped by Vitek Vanecek without a rebound.
19:20 of 1st period - Dawson Mercer wins face-off versus Sam Bennett in LOS ANGELES Kings zone.
19:20 of 1st period - Dawson Mercer is hit by Evander Kane.
19:36 of 1st period - Shot by Jonathan Huberdeau.
19:36 of 1st period - Shot Misses the Net.
Goals for this period are 0 for LOS ANGELES Kings vs 1 for SAN JOSE Sharks.
Shots for this period are 4 for LOS ANGELES Kings vs 16 for SAN JOSE Sharks.

2nd period


0:01 of 2nd period - John Tavares wins face-off versus Anze Kopitar in neutral zone.
0:09 of 2nd period - Shot by Anze Kopitar.
0:09 of 2nd period - Shot Misses the Net.
0:19 of 2nd period - Shot by Mitchell Marner.
0:19 of 2nd period - Shot Misses the Net.
0:21 of 2nd period - Shot by Mitchell Marner.
0:21 of 2nd period - Shot Misses the Net.
0:23 of 2nd period - Shot by Anze Kopitar.
0:23 of 2nd period - Stopped by Ville Husso with a rebound.
0:25 of 2nd period - Shot by Drew Doughty.
0:25 of 2nd period - Shot Misses the Net.
0:27 of 2nd period - Shot by Anze Kopitar.
0:27 of 2nd period - Shot Misses the Net.
1:09 of 2nd period - Off-side.
1:10 of 2nd period - Dawson Mercer wins face-off versus Sam Bennett in neutral zone.
1:40 of 2nd period - Minor Penalty to Marcus Pettersson for High sticking.
1:41 of 2nd period - Sam Bennett wins face-off versus Dawson Mercer in LOS ANGELES Kings zone.
1:46 of 2nd period - Shot by Sam Bennett.
1:46 of 2nd period - Stopped by Vitek Vanecek without a rebound.
1:47 of 2nd period - Dawson Mercer wins face-off versus John Tavares in LOS ANGELES Kings zone.
1:55 of 2nd period - Icing by Joe Pavelski.
1:56 of 2nd period - John Tavares wins face-off versus Dawson Mercer in SAN JOSE Sharks zone.
2:07 of 2nd period - Shot by Kyle Connor.
2:07 of 2nd period - Shot Misses the Net.
2:16 of 2nd period - Icing by Joe Pavelski.
2:17 of 2nd period - John Tavares wins face-off versus Dawson Mercer in SAN JOSE Sharks zone.
2:26 of 2nd period - Shot by Kyle Connor.
2:26 of 2nd period - Shot Blocked by Rasmus Andersson.
2:28 of 2nd period - Shot by John Tavares.
2:28 of 2nd period - Stopped by Vitek Vanecek without a rebound.
2:29 of 2nd period - Sam Bennett wins face-off versus Dawson Mercer in LOS ANGELES Kings zone.
2:48 of 2nd period - Shot by Cody Ceci.
2:48 of 2nd period - Stopped by Vitek Vanecek without a rebound.
2:49 of 2nd period - Joe Pavelski wins face-off versus Anze Kopitar in LOS ANGELES Kings zone.
3:04 of 2nd period - Shot by John Tavares.
3:04 of 2nd period - Shot Misses the Net.
3:06 of 2nd period - Shot by Brayden McNabb.
3:06 of 2nd period - Shot Blocked by Drew Doughty.
3:45 of 2nd period - Shot by Troy Stecher.
3:45 of 2nd period - Shot Misses the Net.
3:47 of 2nd period - Shot by Oliver Kylington.
3:47 of 2nd period - Stopped by Vitek Vanecek without a rebound.
3:48 of 2nd period - Sam Bennett wins face-off versus Oskar Sundqvist in LOS ANGELES Kings zone.
3:48 of 2nd period - Andrew Mangiapane is hit by Marcus Pettersson and loses puck.
4:01 of 2nd period - Shot by Carl Grundstrom.
4:01 of 2nd period - Deflect By Rem Pitlick.
4:01 of 2nd period - Shot Misses the Net.
4:34 of 2nd period - Minor Penalty to Dominik Kubalik for Tripping.
4:35 of 2nd period - John Tavares wins face-off versus Dawson Mercer in LOS ANGELES Kings zone.
4:35 of 2nd period - John Tavares is hit by Hampus Lindholm.
5:52 of 2nd period - Shot by Sam Bennett.
5:52 of 2nd period - Stopped by Vitek Vanecek without a rebound.
5:53 of 2nd period - John Tavares wins face-off versus Anze Kopitar in LOS ANGELES Kings zone.
5:53 of 2nd period - John Tavares is hit by Marcus Pettersson.
6:21 of 2nd period - Shot by Kyle Connor.
6:21 of 2nd period - Stopped by Vitek Vanecek without a rebound.
6:22 of 2nd period - Dawson Mercer wins face-off versus Evander Kane in LOS ANGELES Kings zone.
6:44 of 2nd period - Shot by Oliver Kylington.
6:44 of 2nd period - Stopped by Vitek Vanecek without a rebound.
6:45 of 2nd period - Brett Howden wins face-off versus Anze Kopitar in LOS ANGELES Kings zone.
7:20 of 2nd period - Shot by Austin Watson.
7:20 of 2nd period - Shot Misses the Net.
7:35 of 2nd period - Hampus Lindholm is hit by Troy Stecher.
7:52 of 2nd period - Jonathan Huberdeau is hit by Troy Stecher.
8:36 of 2nd period - Shot by Rem Pitlick.
8:36 of 2nd period - Deflect By Oskar Sundqvist.
8:36 of 2nd period - Shot Misses the Net.
8:48 of 2nd period - Shot by Rem Pitlick.
8:48 of 2nd period - Goal by Rem Pitlick - LOS ANGELES Kings : 1 - SAN JOSE Sharks : 1.
8:49 of 2nd period - Sam Bennett wins face-off versus Anze Kopitar in neutral zone.
9:16 of 2nd period - Shot by Anze Kopitar.
9:16 of 2nd period - Shot Blocked by Jack Johnson.
10:06 of 2nd period - Minor Penalty to Jack Johnson for Cross-checking.
10:07 of 2nd period - John Tavares wins face-off versus Dawson Mercer in SAN JOSE Sharks zone.
10:51 of 2nd period - John Tavares is hit by Drew Doughty and loses puck.
11:24 of 2nd period - Shot by Mitchell Marner.
11:24 of 2nd period - Shot Blocked by Troy Stecher.
11:58 of 2nd period - Marcus Pettersson is hit by John Tavares and loses puck.
12:28 of 2nd period - Rem Pitlick is hit by Jack Johnson and loses puck.
12:50 of 2nd period - Marc Staal is hit by John Klingberg and loses puck.
12:57 of 2nd period - Drew Doughty is hit by Brett Howden and loses puck.
13:09 of 2nd period - Minor Penalty to Nick Cousins for Tripping.
13:10 of 2nd period - John Tavares wins face-off versus Dawson Mercer in SAN JOSE Sharks zone.
13:25 of 2nd period - Shot by Dominik Kubalik.
13:25 of 2nd period - Shot Misses the Net.
13:27 of 2nd period - Shot by Hampus Lindholm.
13:27 of 2nd period - Shot Misses the Net.
13:29 of 2nd period - Shot by Marcus Pettersson.
13:29 of 2nd period - Deflect By Dawson Mercer.
13:29 of 2nd period - Stopped by Ville Husso without a rebound.
13:30 of 2nd period - John Tavares wins face-off versus Anze Kopitar in SAN JOSE Sharks zone.
13:54 of 2nd period - Icing by Mitchell Marner.
13:55 of 2nd period - John Tavares wins face-off versus Anze Kopitar in LOS ANGELES Kings zone.
13:58 of 2nd period - Shot by Kyle Connor.
13:58 of 2nd period - Stopped by Vitek Vanecek without a rebound.
13:59 of 2nd period - John Tavares wins face-off versus Dawson Mercer in LOS ANGELES Kings zone.
15:17 of 2nd period - Shot by Rem Pitlick.
15:17 of 2nd period - Stopped by Ville Husso without a rebound.
15:17 of 2nd period - Minor Penalty to Troy Stecher for Tripping.
15:18 of 2nd period - Anze Kopitar wins face-off versus Sam Bennett in SAN JOSE Sharks zone.
16:15 of 2nd period - Shot by Kyle Connor.
16:15 of 2nd period - Shot Misses the Net.
16:21 of 2nd period - John Tavares is hit by Dominik Kubalik and loses puck.
16:45 of 2nd period - Icing by Marcus Pettersson.
16:46 of 2nd period - Sam Bennett wins face-off versus Anze Kopitar in LOS ANGELES Kings zone.
17:05 of 2nd period - Shot by Matt Nieto.
17:05 of 2nd period - Goal by Matt Nieto - LOS ANGELES Kings : 1 - SAN JOSE Sharks : 2.
17:06 of 2nd period - John Tavares wins face-off versus Dawson Mercer in neutral zone.
17:12 of 2nd period - Icing by Dawson Mercer.
17:13 of 2nd period - John Tavares wins face-off versus Dawson Mercer in LOS ANGELES Kings zone.
17:29 of 2nd period - Off-side.
17:30 of 2nd period - Nick Cousins wins face-off versus Dawson Mercer in neutral zone.
17:37 of 2nd period - Shot by Cam Atkinson.
17:37 of 2nd period - Goal by Cam Atkinson - LOS ANGELES Kings : 1 - SAN JOSE Sharks : 3.
17:38 of 2nd period - Anze Kopitar wins face-off versus John Tavares in neutral zone.
17:41 of 2nd period - Kyle Connor is hit by Anze Kopitar and loses puck.
17:53 of 2nd period - Shot by Kyle Connor.
17:53 of 2nd period - Shot Misses the Net.
17:55 of 2nd period - Shot by Cody Ceci.
17:55 of 2nd period - Stopped by Vitek Vanecek with a rebound.
18:36 of 2nd period - Minor Penalty to Evander Kane for Holding.
18:37 of 2nd period - Sam Bennett wins face-off versus Dawson Mercer in SAN JOSE Sharks zone.
18:37 of 2nd period - Sam Bennett is hit by Mark Stone.
19:01 of 2nd period - Shot by Drew Doughty.
19:01 of 2nd period - Stopped by Ville Husso without a rebound.
19:02 of 2nd period - Anze Kopitar wins face-off versus John Tavares in SAN JOSE Sharks zone.
19:39 of 2nd period - Shot by Jonathan Huberdeau.
19:39 of 2nd period - Shot Misses the Net.
19:56 of 2nd period - Icing by Rasmus Andersson.
19:57 of 2nd period - John Tavares wins face-off versus Dawson Mercer in LOS ANGELES Kings zone.
Goals for this period are 1 for LOS ANGELES Kings vs 2 for SAN JOSE Sharks.
Shots for this period are 5 for LOS ANGELES Kings vs 11 for SAN JOSE Sharks.

3rd period


0:01 of 3rd period - Anze Kopitar wins face-off versus John Tavares in neutral zone.
0:04 of 3rd period - John Tavares is hit by Jonathan Huberdeau and loses puck.
1:32 of 3rd period - Shot by Joe Pavelski.
1:32 of 3rd period - Shot Hit the Post.
1:36 of 3rd period - Shot by Kyle Connor.
1:36 of 3rd period - Shot Blocked by Carl Grundstrom.
1:38 of 3rd period - Shot by Cody Ceci.
1:38 of 3rd period - Stopped by Vitek Vanecek with a rebound.
1:40 of 3rd period - Shot by Cody Ceci.
1:40 of 3rd period - Stopped by Vitek Vanecek without a rebound.
1:41 of 3rd period - Anze Kopitar wins face-off versus Sam Bennett in LOS ANGELES Kings zone.
1:55 of 3rd period - John Klingberg is hit by Drew Doughty.
2:51 of 3rd period - Mitchell Marner is hit by Cody Ceci and loses puck.
3:10 of 3rd period - Jonathan Huberdeau is hit by Brayden McNabb and loses puck.
3:27 of 3rd period - Shot by Mark Stone.
3:27 of 3rd period - Stopped by Ville Husso without a rebound.
3:28 of 3rd period - Oskar Sundqvist wins face-off versus Nick Cousins in SAN JOSE Sharks zone.
3:51 of 3rd period - Shot by Carl Grundstrom.
3:51 of 3rd period - Stopped by Ville Husso with a rebound.
3:53 of 3rd period - Shot by Calle Rosen.
3:53 of 3rd period - Stopped by Ville Husso without a rebound.
3:54 of 3rd period - Dawson Mercer wins face-off versus Sam Bennett in SAN JOSE Sharks zone.
3:54 of 3rd period - Hampus Lindholm is hit by John Klingberg and loses puck.
4:19 of 3rd period - Shot by Sam Bennett.
4:19 of 3rd period - Stopped by Vitek Vanecek with a rebound.
4:25 of 3rd period - Shot by Andrew Mangiapane.
4:25 of 3rd period - Stopped by Vitek Vanecek without a rebound.
4:26 of 3rd period - John Tavares wins face-off versus Oskar Sundqvist in LOS ANGELES Kings zone.
4:31 of 3rd period - Shot by Kyle Connor.
4:31 of 3rd period - Shot Misses the Net.
4:33 of 3rd period - Shot by Brayden McNabb.
4:33 of 3rd period - Shot Blocked by Drew Doughty.
5:04 of 3rd period - Shot by Brayden McNabb.
5:04 of 3rd period - Stopped by Vitek Vanecek without a rebound.
5:05 of 3rd period - Nick Cousins wins face-off versus Mitchell Marner in LOS ANGELES Kings zone.
5:14 of 3rd period - Shot by Mitchell Marner.
5:14 of 3rd period - Shot Misses the Net.
5:16 of 3rd period - Shot by Rasmus Andersson.
5:16 of 3rd period - Goal by Rasmus Andersson - LOS ANGELES Kings : 2 - SAN JOSE Sharks : 3.
5:17 of 3rd period - Dawson Mercer wins face-off versus Sam Bennett in neutral zone.
5:25 of 3rd period - Jonathan Huberdeau is hit by Troy Stecher and loses puck.
5:38 of 3rd period - Shot by Dawson Mercer.
5:38 of 3rd period - Shot Misses the Net.
6:38 of 3rd period - Shot by Mitchell Marner.
6:38 of 3rd period - Deflect By Anze Kopitar.
6:38 of 3rd period - Stopped by Ville Husso without a rebound.
6:39 of 3rd period - Nick Cousins wins face-off versus Oskar Sundqvist in SAN JOSE Sharks zone.
7:50 of 3rd period - Shot by Anze Kopitar.
7:50 of 3rd period - Shot Misses the Net.
8:43 of 3rd period - Shot by Jonathan Huberdeau.
8:43 of 3rd period - Stopped by Ville Husso without a rebound.
8:44 of 3rd period - Sam Bennett wins face-off versus Dawson Mercer in SAN JOSE Sharks zone.
9:09 of 3rd period - Shot by Andrew Mangiapane.
9:09 of 3rd period - Stopped by Vitek Vanecek without a rebound.
9:10 of 3rd period - Oskar Sundqvist wins face-off versus Nick Cousins in LOS ANGELES Kings zone.
9:10 of 3rd period - Oskar Sundqvist is hit by Nick Cousins.
9:25 of 3rd period - Shot by John Klingberg.
9:25 of 3rd period - Shot Blocked by Marcus Pettersson.
9:27 of 3rd period - Shot by Cam Atkinson.
9:27 of 3rd period - Goal by Cam Atkinson - LOS ANGELES Kings : 2 - SAN JOSE Sharks : 4.
9:28 of 3rd period - Anze Kopitar wins face-off versus Sam Bennett in neutral zone.
10:55 of 3rd period - Shot by John Tavares.
10:55 of 3rd period - Deflect By Kyle Connor.
10:55 of 3rd period - Shot Blocked by Rasmus Andersson.
10:57 of 3rd period - Shot by Brayden McNabb.
10:57 of 3rd period - Shot Blocked by Rasmus Andersson.
10:59 of 3rd period - Shot by Kyle Connor.
10:59 of 3rd period - Shot Misses the Net.
11:22 of 3rd period - Jonathan Huberdeau is hit by John Klingberg and loses puck.
11:49 of 3rd period - Shot by Matt Nieto.
11:49 of 3rd period - Stopped by Vitek Vanecek with a rebound.
12:00 of 3rd period - Icing by Mark Stone.
12:01 of 3rd period - Sam Bennett wins face-off versus Dawson Mercer in LOS ANGELES Kings zone.
12:33 of 3rd period - Shot by Andrew Mangiapane.
12:33 of 3rd period - Shot Misses the Net.
12:53 of 3rd period - Shot by Anze Kopitar.
12:53 of 3rd period - Shot Misses the Net.
12:55 of 3rd period - Shot by Mitchell Marner.
12:55 of 3rd period - Shot Misses the Net.
13:49 of 3rd period - Shot by Kyle Connor.
13:49 of 3rd period - Shot Misses the Net.
14:26 of 3rd period - Icing by Marc Staal.
14:27 of 3rd period - Anze Kopitar wins face-off versus Matt Nieto in LOS ANGELES Kings zone.
15:01 of 3rd period - Shot by Nick Cousins.
15:01 of 3rd period - Shot Blocked by Marc Staal.
15:07 of 3rd period - Shot by Matt Nieto.
15:07 of 3rd period - Shot Misses the Net.
15:09 of 3rd period - Shot by John Klingberg.
15:09 of 3rd period - Shot Misses the Net.
15:29 of 3rd period - Shot by Brett Howden.
15:29 of 3rd period - Stopped by Vitek Vanecek without a rebound.
15:30 of 3rd period - Dawson Mercer wins face-off versus Andrew Mangiapane in LOS ANGELES Kings zone.
16:04 of 3rd period - Shot by Sam Bennett.
16:04 of 3rd period - Stopped by Vitek Vanecek without a rebound.
16:05 of 3rd period - Oskar Sundqvist wins face-off versus John Tavares in LOS ANGELES Kings zone.
16:22 of 3rd period - Shot by Carl Grundstrom.
16:22 of 3rd period - Shot Blocked by John Klingberg.
16:36 of 3rd period - Shot by Carl Grundstrom.
16:36 of 3rd period - The goal is going for a video replay.
16:36 of 3rd period - The goal is good.
16:36 of 3rd period - Goal by Carl Grundstrom - LOS ANGELES Kings : 3 - SAN JOSE Sharks : 4.
16:37 of 3rd period - Nick Cousins wins face-off versus Dawson Mercer in neutral zone.
17:38 of 3rd period - Dawson Mercer is hit by Joe Pavelski and loses puck.
17:59 of 3rd period - Shot by Anze Kopitar.
17:59 of 3rd period - Shot Misses the Net.
18:01 of 3rd period - Shot by Mitchell Marner.
18:01 of 3rd period - Deflect By Dominik Kubalik.
18:01 of 3rd period - Shot Blocked by Brayden McNabb.
18:20 of 3rd period - Mitchell Marner is hit by Brayden McNabb.
18:26 of 3rd period - Shot by Mitchell Marner.
18:26 of 3rd period - Stopped by Ville Husso with a rebound.
18:42 of 3rd period - Minor Penalty to Oskar Sundqvist for Slashing.
18:43 of 3rd period - Sam Bennett wins face-off versus Dawson Mercer in LOS ANGELES Kings zone.
18:52 of 3rd period - Shot by John Klingberg.
18:52 of 3rd period - Stopped by Vitek Vanecek without a rebound.
18:53 of 3rd period - Sam Bennett wins face-off versus Pierre Engvall in LOS ANGELES Kings zone.
18:54 of 3rd period - Shot by Andrew Mangiapane.
18:54 of 3rd period - Stopped by Vitek Vanecek without a rebound.
18:55 of 3rd period - Sam Bennett wins face-off versus Dawson Mercer in LOS ANGELES Kings zone.
19:00 of 3rd period - Shot by Sam Bennett.
19:00 of 3rd period - Stopped by Vitek Vanecek without a rebound.
19:01 of 3rd period - Dawson Mercer wins face-off versus Sam Bennett in LOS ANGELES Kings zone.
19:01 of 3rd period - Dawson Mercer is hit by Evander Kane.
19:17 of 3rd period - Shot by Dawson Mercer.
19:17 of 3rd period - Goal by Dawson Mercer - LOS ANGELES Kings : 4 - SAN JOSE Sharks : 4.
19:18 of 3rd period - John Tavares wins face-off versus Dawson Mercer in neutral zone.
19:49 of 3rd period - Shot by Joe Pavelski.
19:49 of 3rd period - Deflect By Kyle Connor.
19:49 of 3rd period - Shot Blocked by Marcus Pettersson.
19:51 of 3rd period - Shot by Kyle Connor.
19:51 of 3rd period - Stopped by Vitek Vanecek without a rebound.
19:52 of 3rd period - Anze Kopitar wins face-off versus Sam Bennett in LOS ANGELES Kings zone.
19:58 of 3rd period - Icing by Cody Ceci.
19:59 of 3rd period - Andrew Mangiapane wins face-off versus Mitchell Marner in SAN JOSE Sharks zone.
Goals for this period are 3 for LOS ANGELES Kings vs 1 for SAN JOSE Sharks.
Shots for this period are 9 for LOS ANGELES Kings vs 14 for SAN JOSE Sharks.

Overtime #1


0:01 of 1st overtime period - Dawson Mercer wins face-off versus John Tavares in neutral zone.
0:36 of 1st overtime period - Icing by Brayden McNabb.
0:37 of 1st overtime period - Dawson Mercer wins face-off versus John Tavares in SAN JOSE Sharks zone.
0:58 of 1st overtime period - Shot by Anze Kopitar.
0:58 of 1st overtime period - Shot Misses the Net.
1:21 of 1st overtime period - Shot by Austin Watson.
1:21 of 1st overtime period - Shot Misses the Net.
2:09 of 1st overtime period - Shot by Matt Nieto.
2:09 of 1st overtime period - Stopped by Vitek Vanecek without a rebound.
2:10 of 1st overtime period - Anze Kopitar wins face-off versus Nick Cousins in LOS ANGELES Kings zone.
2:23 of 1st overtime period - Shot by Jonathan Huberdeau.
2:23 of 1st overtime period - Shot Blocked by Austin Watson.
2:35 of 1st overtime period - Shot by Nick Cousins.
2:35 of 1st overtime period - Deflect By Austin Watson.
2:35 of 1st overtime period - Shot Misses the Net.
2:37 of 1st overtime period - Shot by Austin Watson.
2:37 of 1st overtime period - Stopped by Vitek Vanecek without a rebound.
2:38 of 1st overtime period - Nick Cousins wins face-off versus Oskar Sundqvist in LOS ANGELES Kings zone.
3:01 of 1st overtime period - Shot by Dominik Kubalik.
3:01 of 1st overtime period - Shot Misses the Net.
3:03 of 1st overtime period - Shot by Hampus Lindholm.
3:03 of 1st overtime period - Deflect By Dominik Kubalik.
3:03 of 1st overtime period - Stopped by Ville Husso with a rebound.
3:05 of 1st overtime period - Shot by Oskar Sundqvist.
3:05 of 1st overtime period - Shot Misses the Net.
3:41 of 1st overtime period - Shot by Anze Kopitar.
3:41 of 1st overtime period - Shot Misses the Net.
3:43 of 1st overtime period - Shot by Anze Kopitar.
3:43 of 1st overtime period - Shot Misses the Net.
Goals for this period are 0 for LOS ANGELES Kings vs 0 for SAN JOSE Sharks.
Shots for this period are 1 for LOS ANGELES Kings vs 2 for SAN JOSE Sharks.

ShootOut


5:00 of 1st overtime period - Round #1.
5:00 of 1st overtime period - LOS ANGELES Kings, Mitchell Marner.
5:00 of 1st overtime period - Goal by Mitchell Marner.
5:00 of 1st overtime period - SAN JOSE Sharks, Joe Pavelski.
5:00 of 1st overtime period - Stopped by Vitek Vanecek.
5:00 of 1st overtime period - Round #2.
5:00 of 1st overtime period - LOS ANGELES Kings, Jonathan Huberdeau.
5:00 of 1st overtime period - Shot Misses the Net.
5:00 of 1st overtime period - SAN JOSE Sharks, John Tavares.
5:00 of 1st overtime period - Stopped by Vitek Vanecek.
5:00 of 1st overtime period - Round #3.
5:00 of 1st overtime period - LOS ANGELES Kings, Mark Stone.
5:00 of 1st overtime period - Shot Misses the Net.
5:00 of 1st overtime period - SAN JOSE Sharks, Kyle Connor.
5:00 of 1st overtime period - Stopped by Vitek Vanecek. Output by the SimonT Hockey Simulator (STHS) for Martin Benoit - Original Page W3C HTML5 Valid
Hockey Simulator - Hockey Simulation - Hockey Manager